 Dungeon Crawl Stone Soup version 0.31-a0-229-g1fc7ce93e2 (webtiles) character file.

Game seed: 5976530572919696224

30 qw the Shooter (level 3, -3/29 HPs)
             Began as a Minotaur Hexslinger on July 6, 2023.
             Slain by a hobgoblin (5 damage)
             ... led by Robin
             ... on level 2 of the Dungeon.
             The game lasted 00:00:17 (859 turns).

qw the Shooter (Minotaur Hexslinger)                 Turns: 859, Time: 00:00:18

Health: -3/29      AC:  3    Str: 12    XL:     3   Next: 5%
Magic:  3/3        EV: 12    Int: 10    God:
Gold:   82         SH:  0    Dex: 14    Spells: 3/4 levels left

rFire   . . .        Y - +1 sling
rCold   . . .        (no shield)
rNeg    . . .        i - +0 leather armour
rPois   .            (helmet restricted)
rElec   .            (no cloak)
rCorr   .            (no gloves)
SInv    .            (no boots)
Will    +....        (no amulet)
Stlth   +            g - ring of willpower
HPRegen 0.24/turn    (no ring)
MPRegen 0.08/turn

%: no passive effects
@: no status effects
A: horns 2, retaliatory headbutt
a: no special abilities


You were on level 2 of the Dungeon.
You visited 1 branch of the dungeon, and saw 2 of its levels.

You collected 82 gold pieces.


Innate Abilities, Weirdness & Mutations

You have a pair of horns on your head.
You reflexively headbutt those who attack you in melee.


   Skills:
 - Level 2.0 Fighting
 + Level 3.6 Ranged Weapons
 - Level 2.1 Dodging
 - Level 1.0 Spellcasting
 - Level 2.0 Hexes


You had 3 spell levels left.
You knew the following spells:

 Your Spells              Type           Power      Damage    Failure   Level
a - Slow                  Hex            16%        N/A       19%         1

Your spell library contained the following spells:

 Spells                   Type           Power      Damage    Failure   Level
 Inner Flame              Hex/Fire       2%         N/A       65%         3
 Portal Projectile        Hex/Tloc       4%         N/A       65%         3
 Cause Fear               Hex            2%         N/A       88%         4

Inventory:

Hand Weapons
 Y - a +1 sling (weapon)
Armour
 i - a +0 leather armour (worn)
Jewellery
 g - a ring of willpower (left hand)
Potions
 a - a potion of degeneration {unknown}
 f - a potion of haste {unknown}

Dungeon Overview and Level Annotations

Branches:
Dungeon (2/15)

Altars:

Annotations:
D:2 Robin


Message History

The quokka bites you. The adder bites you but does no damage.
You shoot a sling bullet. The sling bullet hits the quokka.
You kill the quokka!
You feel sick.
You are no longer poisoned.
The adder bites you.
A hobgoblin comes into view.
A goblin comes into view. It is wielding a +0 dagger.
The adder bites you but does no damage.
You have reached level 3!
Your experience leads to an increase in your attributes!
Increase (S)trength, (I)ntelligence, or (D)exterity?
You feel agile. x2
You shoot a sling bullet.
The sling bullet closely misses the adder.
The goblin shouts!
The goblin barely misses you. You furiously retaliate!
You headbutt the goblin, but do no damage.
The adder bites you but does no damage. Robin throws the goblin at you!
The goblin hits you but does no damage. x2
You shoot a sling bullet. The sling bullet hits the adder.
The adder is almost dead.
The adder closely misses you. The goblin hits you but does no damage.
The goblin misses you. You furiously retaliate!
You headbutt the goblin!
You kill the goblin!
Robin roars a battlecry!
The goblins go into a battle-frenzy!
The adder closely misses you.
You hear a shout!
You shoot a sling bullet.
The sling bullet closely misses the adder.
The adder barely misses you.
A goblin comes into view. It is wielding a +0 dagger.
You shoot a sling bullet.
The sling bullet hits the adder but does no damage.
The adder is almost dead.
The adder misses you. The goblin closely misses you.
Robin hits you from afar with a +0 spear.
The hobgoblin hits you.
You die...

#.#
###########.##
#..........#.#
#.#########.##
### #.# ### #..
#.# #.# #.# #.#
#.# #.# #@# #..
g..g.gggS.....#
#.#
#....g#.#####.#
#.. ##...##.#
#.# ##.# #.#
###.# #. #.#
#.... . ..#
#.#.# . .##
#.#.# ..#.#


You could see Robin, an adder, a hobgoblin (strong) and 4 goblins.

Vanquished Creatures
  An endoplasm (D:1)
  2 giant cockroaches (D:1)
  A goblin (D:2)
  4 hobgoblins (D:1)
  4 jackals (D:1)
  3 kobolds (D:1)
  3 quokkas
  2 ball pythons (D:1)
  2 bats
  2 frilled lizards
  2 rats (D:1)
26 creatures vanquished.

Notes
Turn   | Place    | Note
-------+----------+-------------------------------------------
     0 | D:1      | qw the Minotaur Hexslinger began the quest for the Orb.
     0 | D:1      | Reached XP level 1. HP: 16/16 MP: 1/1
     0 | D:1      | 0 ||| qw: Version: 0.3-a-46-gb1f654a
     0 | D:1      | 0 ||| qw: Game counter: 1665
     0 | D:1      | 0 ||| qw: Melee chars always use a shield: true
     0 | D:1      | 0 ||| qw: God list: Okawaru
     0 | D:1      | 0 ||| qw: Allow faded altars: false
     0 | D:1      | 0 ||| qw: Do Orc after clearing Dungeon:15 true
     0 | D:1      | 0 ||| qw: Do second Lair branch before Depths: true
     0 | D:1      | 0 ||| qw: Lair rune preference: random
     0 | D:1      | 0 ||| qw: Goals: Normal
     0 | D:1      | 0 ||| PLANNING D:1-11
    99 | D:1      | Reached skill level 3 in Ranged Weapons
   100 | D:1      | Reached XP level 2. HP: 23/23 MP: 2/2
   375 | D:1      | Found a faded altar of an unknown god.
   524 | D:1      | 524 ||| UPGRADING to +0 leather armour.
   534 | D:1      | 534 ||| DROPPING +0 robe.
   535 | D:1      | 535 ||| UPGRADING to ring of willpower.
   536 | D:1      | 536 ||| READING scroll labelled PUQAHO EDDIORE.
   537 | D:1      | 537 ||| DRINKING 2 black potions.
   538 | D:1      | 538 ||| DRINKING 2 fizzy blue potions.
   579 | D:1      | 579 ||| DROPPING scroll of poison.
   580 | D:1      | 580 ||| DROPPING potion of magic.
   581 | D:1      | 581 ||| DROPPING potion of lignification.
   853 | D:2      | Noticed Robin
   856 | D:2      | Reached XP level 3. HP: 9/29 MP: 3/3
   856 | D:2      | HP: 6/29 [Robin/goblin (3)]
   859 | D:2      | HP: 2/29 [Robin/+0 spear (5)]
   859 | D:2      | Slain by a hobgoblin

Levels and vault maps discovered:
D:1:      dpeg_arrival_prison, layout_rooms,
          hellmonk_ecumenical_altar_arch_garden
D:2:      layout_loops_ring, minmay_rat_gold_closets, uniq_robin

Skill      XL: |  1  2 |
---------------+-------+-----
Ranged Weapons | 3 |  3.6
Fighting       | 2 |  2.0
Dodging        | |  2.1
Spellcasting   | |  1.0
Hexes          | |  2.0

Action                     || total
---------------------------++-------
   Fire: Sling             ||    71
    Use: Potion            ||     2
         Scroll            ||     1
 Armour: Robe              ||     6
         Leather armour    ||     8
  Dodge: Dodged            ||    27

Table legend:
 A = Non-vault XP
 B = Vault XP
 C = Vault XP percentage of total XP
 D = Non-vault monster count
 E = Vault monster count
 F = Vault count percentage of total count
                 A         B        C        D         E       F
            +---------+---------+-------+---------+---------+-------
      Total |      38 |       6 |  13.6 |      23 |       3 |  11.5
            +---------+---------+-------+---------+---------+-------
        D:1 |      33 |       4 |  10.8 |      20 |       2 |   9.1
        D:2 |       5 |       2 |  28.6 |       3 |       1 |  25.0
            +---------+---------+-------+---------+---------+-------
